 Dungeon Crawl Stone Soup version 0.29.1-2-gbd0b4ee654 (console) character file.

Game seed: 7379177333724615363

227 Goreval the Insei (level 5, -3/41 HPs)
             Began as a Demigod Transmuter on Nov 14, 2022.
             Slain by an adder (4 damage)
             ... on level 4 of the Dungeon.
             The game lasted 00:13:14 (2616 turns).

Goreval the Insei (Demigod Transmuter)              Turns: 2616, Time: 00:13:15

Health: -3/41      AC:  4    Str: 11    XL:     5   Next: 42%
Magic:  11/11      EV: 12    Int: 19    God:
Gold:   144        SH:  0    Dex: 14    Spells: 2/8 levels left

rFire   . . .      SeeInvis .     - Unarmed
rCold   . . .      Faith    .   (no shield)
rNeg    . . .      Spirit   .   k - +0 leather armour
rPois   .          Reflect  .   (helmet currently unavailable)
rElec   .          Harm     .   (no cloak)
rCorr   .          Rampage  .   d - +0 pair of gloves
Will    .....                   (boots currently unavailable)
Stlth   +.........              (no amulet)
HPRegen 0.13/turn               (no ring)
MPRegen 0.12/turn               (no ring)

@: appendages, on berserk cooldown, slowed, very slow
A: horns 2, talons 2, high MP 1, forlorn, divine attributes
a: End Transformation


You were on level 4 of the Dungeon.
You had temporarily grown beastly horns and talons.
You visited 1 branch of the dungeon, and saw 4 of its levels.

You collected 144 gold pieces.

Inventory:

Missiles
 l - 4 poisoned darts (quivered)
 p - 4 stones
Armour
 d - a +0 pair of gloves (worn)
 k - a +0 leather armour (worn)
Jewellery
 o - a ring of fire
Scrolls
 a - a scroll of teleportation {unknown}
 c - a scroll of blinking {unknown}
 e - a scroll of poison {unknown}
 f - a scroll of immolation {unknown}
 g - a scroll of vulnerability {unknown}
 h - a scroll of silence
 i - 2 scrolls of identify {unknown}
 m - a scroll of torment {unknown}
Potions
 b - 2 potions of lignification
 j - a potion of attraction


   Skills:
 + Level 1.9 Fighting
 + Level 2.6 Dodging
 * Level 3.9 Unarmed Combat
 + Level 2.4 Spellcasting
 * Level 3.2 Transmutations


You had 2 spell levels left.
You knew the following spells:

 Your Spells              Type           Power      Damage    Failure   Level
a - Beastly Appendage     Tmut           28%        N/A       5%          1
b - Wereblood             Tmut           14%        N/A       9%          2
c - Spider Form           Tmut/Pois      8%         N/A       32%         3

Your spell library contained the following spells:

 Spells                   Type           Power      Damage    Failure   Level
 Apportation              Tloc           4%         N/A       22%         1
 Necrotise                Necr           8%         1d4       22%         1
 Summon Small Mammal      Summ           8%         N/A       22%         1
 Ensorcelled Hibernation  Hex/Ice        4%         N/A       32%         2
 Ice Form                 Ice/Tmut       8%         N/A       73%         4
 Anguish                  Hex/Necr       1%         N/A       91%         4
 Dispersal                Tloc           1%         N/A       100%        6
 Disjunction              Tloc           1%         N/A       100%        8


Dungeon Overview and Level Annotations

Branches:
Dungeon (4/15)
 Temple: D:4-7


Innate Abilities, Weirdness & Mutations

You have temporarily grown beastly horns and talons.
You have an increased reservoir of magic. (+10% MP)
You shall have no god before yourself.
Your divine heritage dramatically boosts your attributes as you level up.


Message History

The hobgoblin hits you but does no damage.
You hit the ogre.
You kill the ogre!
The hobgoblin hits you but does no damage.
Your Transmutations skill increases to level 3!
You have reached level 5!
You punch the hobgoblin!
You kill the hobgoblin!
i - 2 scrolls labelled XEUDGH UDEITTUBRIKK (gained 1)
There are no items here.
You feel a strong urge to attack something.
You see here a +0 giant club.
You are no longer berserk.
You are exhausted.
You feel yourself slow down.
Your hearing returns.
You open the door.
An adder comes into view.
The adder is attracted toward you.
You grow a pair of large bovine horns.
Your feet morph into talons.
The adder hisses angrily.
You hear a shout!
The adder bites you.
You hear a shout!
You barely miss the adder. The adder bites you. The adder barely misses you.
You hit the adder.
You hear the brisk hiss of a distant avalanche of sand.
The adder bites you but does no damage.
You feel less attractive to monsters.
You barely miss the adder. You headbutt the adder. The adder bites you.
* * * LOW HITPOINT WARNING * * *
An orc priest comes into view. It is wielding a +0 flail.
The adder bites you.
* * * LOW HITPOINT WARNING * * *
You hit the adder. Your kick misses the adder. The adder closely misses you.
The adder misses you.
You closely miss the adder. The adder barely misses you.
The orc priest mumbles some strange prayers to Beogh against you.
Beogh smites you!
* * * LOW HITPOINT WARNING * * *
The adder misses you.
You miss the adder. Your kick misses the adder. The adder barely misses you.
The adder bites you.
You die...

##+# ###############+#
.....
#...............#......
..#.)............@So.....
...########..####..#......
..........#######..##.....
..........#...g.....# ....
..........'.........# ...
..........#.........# ..
..........#.........# .
#.. ..........###########
##..# ######......... ...+
#..#......... ..#
+..'......... #...# .# #.#
#..#..^...... ##...##.
#.######..#########'
#...... #.............<..
#...l. #..†.............
#.... #..........O.....
... #####.##########..###
#############
#######+#######..##.## ..#
.........<..#
..............#......# ..#
............#
..............#......# ..#
............#
..............#....<.#
............#
..............'......#
............#
..............#####+##
............######


You could see an orc priest and an adder.

Vanquished Creatures
  An ogre (D:4)
  An orc wizard (D:4)
  3 gnolls (D:3)
  2 adders
  A worm (D:2)
  2 dart slugs
  2 orcs (D:4)
  3 endoplasms
  4 giant cockroaches
  9 goblins
  4 hobgoblins
  4 kobolds
  4 quokkas
  7 ball pythons
  6 bats
  6 frilled lizards
  4 rats
63 creatures vanquished.

Notes
Turn   | Place    | Note
-------+----------+-------------------------------------------
     0 | D:1      | Goreval the Demigod Transmuter began the quest for the Orb.
     0 | D:1      | Reached XP level 1. HP: 15/15 MP: 5/5
    64 | D:1      | Reached skill level 1 in Fighting
   258 | D:1      | Reached XP level 2. HP: 18/23 MP: 5/7
   262 | D:1      | Learned a level 2 spell: Wereblood
  1371 | D:2      | Reached XP level 3. HP: 27/28 MP: 6/8
  1379 | D:2      | Learned a level 3 spell: Spider Form
  2150 | D:3      | Reached XP level 4. HP: 23/35 MP: 8/10
  2449 | D:4      | Noticed a centaur
  2449 | D:4      | Noticed a wyvern
  2546 | D:4      | Noticed an ogre
  2591 | D:4      | Killed an ogre
  2592 | D:4      | Reached XP level 5. HP: 24/41 MP: 11/11
  2615 | D:4      | HP: 1/41 [orc priest/divine providence (9)]
  2616 | D:4      | Slain by an adder

Illustrated notes

Levels and vault maps discovered:
D:1:      minmay_arrival_semitransparent, layout_loops_ring,
          shapermc_ecumenical_altar_notcrosses, minmay_pentomino_p4
D:2:      layout_basic
D:3:      wander_river, layout_loops_ring, mainiacjoe_overflow_divided_tiny,
          serial_rivers, chequers_serial_rivers_micro_e,
          chequers_serial_rivers_room_a, chequers_serial_rivers_micro_c,
          chequers_serial_rivers_micro_e, hangedman_abyss_or_decor_stabs,
          minmay_misc_feat_iff, kennysheep_boxes, uniq_natasha
D:4:      layout_gridville, gammafunk_temple_overflow_forgotten,
          lightli_ossuary_entry_decrepit_ruins, chequers_serial_rivers_small_b,
          grunt_tough_drop

Skill      XL: |  1  2  3  4 |
---------------+-------------+-----
Fighting       | 1 |  1.9
Transmutations | 2 3 |  3.2
Unarmed Combat | 3 |  3.9
Dodging        | 2 |  2.6
Spellcasting   | 2 |  2.4

Action                   |  1- 3 |  4- 6 || total
-------------------------+-------+-------++-------
Melee: Unarmed           |   136 |    40 ||   176
       Kick              |    24 |    12 ||    36
       Headbutt          |    14 |     4 ||    18
       Punch             |       |     1 ||     1
Throw: Stone             |    11 |       ||    11
       Dart              |     3 |       ||     3
 Cast: Beastly Appendage |    38 |     7 ||    45
       Wereblood         |     1 |     3 ||     4
  Use: Potion            |       |     2 ||     2
       Scroll            |       |     1 ||     1
 Stab: Sleeping          |     2 |       ||     2
Armor: Robe              |     7 |       ||     7
       Leather armour    |    25 |     8 ||    33
Dodge: Dodged            |    98 |    29 ||   127
